 Dungeon Crawl Stone Soup version 0.28-a0-1444-g6c55d0bc0c (webtiles) character file.

Game seed: 15522744396302319505

79 Deminshera the Slasher (level 4, -6/34 HPs)
             Began as a Demonspawn Wanderer on Jan 10, 2022.
             Mangled by Grinder (7 damage)
             ... on level 3 of the Dungeon.
             The game lasted 00:02:58 (3733 turns).

Deminshera the Slasher (Demonspawn Wanderer)        Turns: 3733, Time: 00:02:59

Health: -6/34      AC:  3    Str: 12    XL:     4   Next: 16%
Magic:  7/7        EV: 11    Int: 17    God:
Gold:   55         SH:  4    Dex: 11    Spells: 6/7 levels left

rFire   . . .      SeeInvis .   a - +0 falchion
rCold   + . .      Faith    .   b - +0 buckler
rNeg    . . .      Spirit   .   c - +0 robe
rPois   .          Reflect  .   (no helmet)
rElec   .          Harm     .   (no cloak)
rCorr   .          Rampage  .   (no gloves)
Will    .....                   (no boots)
Stlth   +.........              (no amulet)
HPRegen 0.11/turn               f - ring of protection from cold
MPRegen 0.10/turn               (no ring)

@: flying
A: spiny 1, sharp scales 1
a: no special abilities


You were on level 3 of the Dungeon.
You visited 1 branch of the dungeon, and saw 3 of its levels.

You collected 55 gold pieces.

Inventory:

Hand Weapons
 a - a +0 falchion (weapon)
Armour
 b - a +0 buckler (worn)
 c - a +0 robe (worn)
Jewellery
 f - a ring of protection from cold (left hand)
Scrolls
 g - a scroll of fog {unknown}
 h - 2 scrolls of amnesia {unknown}
 i - 2 scrolls of identify {unknown}
 k - a scroll of enchant armour {unknown}
 l - 2 scrolls of immolation {unknown}
 m - a scroll of teleportation {unknown}
 n - a scroll of blinking {unknown}


   Skills:
 + Level 2.3 Fighting
 + Level 2.7 Long Blades
 - Level 1.0 Dodging
 + Level 2.7 Shields
 - Level 2.0 Spellcasting
 - Level 2.1 Necromancy


You had 6 spell levels left.
You knew the following spells:

 Your Spells              Type           Power      Damage    Failure   Level
a - Pain                  Necr           36%        1d5       11%         1

Your spell library contained the following spells:

 Spells                   Type           Power      Damage    Failure   Level
 Animate Skeleton         Necr           18%        N/A       11%         1
 Slow                     Hex            4%         N/A       26%         1
 Summon Small Mammal      Summ           4%         N/A       26%         1
 Vampiric Draining        Necr           9%         2d6       30%         3
 Call Canine Familiar     Summ           1%         N/A       58%         3
 Confusing Touch          Hex            1%         N/A       58%         3
 Summon Guardian Golem    Hex/Summ       1%         N/A       58%         3
 Anguish                  Hex/Necr       2%         N/A       85%         4


Dungeon Overview and Level Annotations

Branches:
Dungeon (3/15)

Altars:
Yredelemnul

Shops:
D:2 *   D:3 (

Annotations:
D:3 1 transporter, Grinder; Viceroy's ghost, amateur FoFi


Innate Abilities, Weirdness & Mutations

You are partially covered in sharp spines.
You are partially covered in razor-sharp scales. (AC +1, Slay +1)


Message History

Grinder is moderately wounded.
Grinder gestures at you. You resist with significant effort.
You aren't carrying any items that you can evoke.
It was a potion of heal wounds.
You feel much better. Grinder closely misses you.
It was a potion of flight.
You feel very buoyant.
You fly up into the air.
Grinder gestures at you. Pain shoots through your body!
It was a potion of curing.
You feel better.
Grinder says, "Don't move a muscle."
Grinder closely misses you.
You hit Grinder.
Grinder is moderately wounded.
Grinder hits you!
You writhe in agony.
You hit Grinder but do no damage.
Grinder is moderately wounded.
You block Grinder's attack. Grinder hits you!
* * * LOW HITPOINT WARNING * * *
You writhe in agony.
* * * LOW HITPOINT WARNING * * *
You hit Grinder but do no damage.
Grinder is moderately wounded.
Grinder closely misses you.
You closely miss Grinder.
Grinder is moderately wounded.
Grinder is struck by your spines. Grinder hits you.
* * * LOW HITPOINT WARNING * * *
You writhe in agony.
* * * LOW HITPOINT WARNING * * *
You hit Grinder.
Grinder is heavily wounded.
Grinder blinks!
Grinder hits you but does no damage.
You closely miss Grinder.
Grinder is heavily wounded.
Grinder hits you!
You die...

......................# #.......#
................#.....# #.......#
.####.###......##.....# #.##.##.#
.# #..#####.############.##.##.#
.# ##'# #.# #.......##.##.##.# .#
#.# ###.###<#####.##.##.##.# ..
#.# #.......#####.##.##.##.#
.....#∩###.#.##..#...#.##.......#
.....#.'.#.#....@..#.#>#####.####
..w..#.'.#.####.5............#
.....#>###.####.##############
.....#.# #......# .....#.#
######## #....#w##### #.......#
#.##.##.# #. #.##.#


You could see Grinder.

Vanquished Creatures
  3 adders
  A worm (D:2)
  A dart slug (D:3)
  2 orcs (D:3)
  4 bats
  6 endoplasms
  2 giant cockroaches
  2 goblins
  4 jackals (D:1)
  4 quokkas (D:2)
  4 ball pythons
  4 kobolds
  5 rats
42 creatures vanquished.

Vanquished Creatures (others)
  4 toadstools (D:1)
4 creatures vanquished.

Grand Total: 46 creatures vanquished

Notes
Turn   | Place    | Note
-------+----------+-------------------------------------------
     0 | D:1      | Deminshera the Demonspawn Wanderer began the quest for the
                  | Orb.
     0 | D:1      | Deminshera set off with the following items: a +0 falchion,
                  | a +0 buckler, a +0 robe; and the following spells available
                  | to memorise: Animate Skeleton, Pain, Anguish
     0 | D:1      | Reached XP level 1. HP: 15/15 MP: 3/3
     2 | D:1      | Learned a level 1 spell: Pain
   772 | D:1      | Gained mutation: You are partially covered in sharp spines.
                  | [demonic ancestry]
   772 | D:1      | Reached XP level 2. HP: 20/21 MP: 3/5
  1725 | D:2      | Found Gisimah's Assorted Antiques.
  2157 | D:2      | Found a basalt altar of Yredelemnul.
  2168 | D:2      | Reached XP level 3. HP: 24/27 MP: 3/6
  2899 | D:3      | Found a faded altar of an unknown god.
  3079 | D:3      | Found a transporter.
  3081 | D:3      | Noticed Viceroy's ghost (amateur FoFi)
  3266 | D:3      | Gained mutation: You are partially covered in razor-sharp
                  | scales. (AC +1, Slay +1) [demonic ancestry]
  3266 | D:3      | Reached XP level 4. HP: 28/34 MP: 1/7
  3366 | D:3      | Found Ameolun's Antique Weapon Boutique.
  3419 | D:3      | Noticed Grinder
  3458 | D:3      | Paralysed by Grinder for 5 turns
  3632 | D:3      | Paralysed by Grinder for 5 turns
  3728 | D:3      | HP: 1/34 [Grinder (5)]
  3733 | D:3      | Mangled by Grinder

Illustrated notes

Levels and vault maps discovered:
D:1:      ldierk_walled_garden_2, layout_basic
D:2:      layout_basic, serial_shops, nicolae_shop_overgrown_old_shop,
          basic_altar, minmay_tetromino_i2
D:3:      layout_loops_cross, serial_shops, nicolae_shop_hallway_stairs,
          gammafunk_ghost_mausoleum, shapermc_ecumenical_altar_totnotflames,
          palyth_stone_intersect, dk_vineyard_2, uniq_grinder

Skill      XL: |  1  2  3 |
---------------+----------+-----
Long Blades    | 2 |  2.7
Shields        | 2 |  2.7
Fighting       | 2 |  2.3
Dodging        | |  1.0
Spellcasting   | |  2.0
Necromancy     | |  2.1

Action                   |  1- 3 |  4- 6 || total
-------------------------+-------+-------++-------
Melee: Falchion          |    15 |    19 ||    34
 Cast: Pain              |    76 |     9 ||    85
  Use: Potion            |       |     3 ||     3
Armor: Robe              |     6 |     2 ||     8
Dodge: Dodged            |    18 |    13 ||    31
Block: Buckler           |     8 |     4 ||    12

Table legend: (Time is in decaauts)
 A = Elapsed time spent in this place.
 B = Non-inter-level travel time spent in this place.
 C = Inter-level travel time spent in this place.
 D = Time resting spent in this place.
 E = Time spent auto-exploring this place.
 F = Levels seen in this place.
 G = Mean time per level.
                   A        B        C        D        E       F      G
               +--------+--------+--------+--------+--------+-----+--------+
         Total |   3741 |   3710 |     31 |    567 |   2818 |   3 | 1247.0 |
       Dungeon |   3741 |   3710 |     31 |    567 |   2818 |   3 | 1247.0 |
               +--------+--------+--------+--------+--------+-----+--------+

Top non-repeatable levels by time:
     D:1: 1705 daAuts
     D:2: 1365 daAuts
     D:3: 670 daAuts
